 Seeded DCSS version 0.30.1-11-g7821555f0a (webtiles) character file.

Game seed: 12756009894327649987 (custom seed)

1 Psyclone the Conjurer (level 1, 10/10 HPs)
             Began as a Deep Elf Conjurer on Nov 6, 2023.
             Was a Follower of Cheibriados.
             Quit the game on level 1 of the Dungeon.
             The game lasted 00:00:15 (76 turns).

Psyclone the Conjurer (Deep Elf Conjurer)             Turns: 76, Time: 00:00:16

Health: 10/10      AC:  2    Str:  6    XL:     1   Next: 16%
Magic:  6/6        EV: 12    Int: 24    God:    Cheibriados [*.....]
Gold:   31         SH:  0    Dex: 15    Spells: 5/6 levels left

rFire   . . .        (no weapon)
rCold   . . .        (no shield)
rNeg    . . .        a - +0 robe
rPois   .            (no helmet)
rElec   .            (no cloak)
rCorr   .            (no gloves)
SInv    .            (no boots)
Will    .....        (no amulet)
Stlth   ++           (no ring)
HPRegen 0.21/turn    (no ring)
MPRegen 0.10/turn

%: no passive effects
@: very slow
A: no striking features
a: Renounce Religion, Bend Time


You were on level 1 of the Dungeon.
You worshipped Cheibriados.
Cheibriados was aware of your devotion.
You visited 1 branch of the dungeon, and saw 1 of its levels.

You collected 31 gold pieces.

Inventory:

Armour
 a - a +0 robe (worn)
Potions
 b - a potion of magic


   Skills:
 + Level 2.4 Dodging
 + Level 2.4 Stealth
 + Level 3.0 Spellcasting
 + Level 4.4 Conjurations


You had 5 spell levels left.
You knew the following spells:

 Your Spells              Type           Power      Damage    Failure   Level
a - Magic Dart            Conj           96%        1d7       1%          1

Your spell library contained the following spells:

 Spells                   Type           Power      Damage    Failure   Level
 Searing Ray              Conj           48%        2d6       2%          2
 Dazzling Flash           Conj/Hex       28%        N/A       13%         3
 Fulminant Prism          Conj/Hex       7%         3d7       41%         4
 Iskenderun's Mystic Bla  Conj/Tloc      14%        2d5       41%         4


Dungeon Overview and Level Annotations

Branches:
Dungeon (1/15) Zot: 8886

Altars:
Cheibriados


Message History

There is a stone staircase leading down here.
There is a staircase leading out of the dungeon here.
You open the door.
Found 12 gold pieces and a club.
There is an open door here.
Found 6 gold pieces and a scroll labelled KUMNAEKEYL.
You now have 17 gold pieces (gained 12).
You now have 23 gold pieces (gained 6).
Found 8 gold pieces.
You now have 31 gold pieces (gained 8).
A bat comes into view.
The bat barely misses you.
Casting: Magic Dart (safe; 1% risk of failure)
Confirm with . or Enter, or press ? or * to list all spells.
Aiming: Magic Dart (safe; 1% risk of failure)
Press: ? - help, Shift-Dir - straight line, f - bat
Aim: a bat (100% to hit)
The magic dart hits the bat.
You kill the bat!
You now have 5/6 mp.
Found a faded altar of an unknown god.
You see here a bat corpse.
Found a stone staircase leading down.
Found an emerald potion.
There is a faded altar of an unknown god here.
MP restored: 6 This altar belongs to (a) Gozag, (b) Trog or (c) Cheibriados, but you can't tell which.
Press the corresponding letter to learn more about a god, or press enter to convert or escape to cancel.
Okay, then.
This altar belongs to (a) Gozag, (b) Trog or (c) Cheibriados, but you can't tell which.
Press the corresponding letter to learn more about a god, or press enter to convert or escape to cancel.
Cheibriados accepts your prayer! Cheibriados welcomes you!
Cheibriados begins to support your attributes as your movement slows.
Cheibriados is now slowing the effects of poison on you.
You can now bend time to slow others.
Cheibriados raises the support of your attributes as your movement slows.
Unknown command.
Press < or > to pray at altars.
Unknown command.
Press < or > to pray at altars.
Are you sure you want to abandon this character and quit the game? (Confirm with "yes".)

##........ ...!
#..###### .... #.....#
...# #.###.# #..#####
#.# ..# ......# #.# .#
#. ##.##.###.##.######
##...#...#...#..........
.......@...#.###..#####
####.#...#....†.........
##.##.#.###.#######
......#.# #.# #.##..##.#
..# #. #.. #.# .## # ###
#.# . #.##. .>.


There were no monsters in sight!

Vanquished Creatures
  A bat (D:1)
1 creature vanquished.

Notes
Turn   | Place    | Note
-------+----------+-------------------------------------------
     0 | D:1      | Psyclone the Deep Elf Conjurer began the quest for the Orb.
     0 | D:1      | Reached XP level 1. HP: 10/10 MP: 6/6
    53 | D:1      | Found a faded altar of an unknown god.
    75 | D:1      | Prayed at the altar of an unknown god.
    75 | D:1      | Became a worshipper of Cheibriados the Contemplative
    75 | D:1      | Reached * piety under Cheibriados
    76 | D:1      | Quit the game

Illustrated notes

Levels and vault maps discovered:
D:1:      dpeg_arrival_pits, layout_basic, ebering_ecumenical_altar_box

Action                     || total
---------------------------++-------
   Cast: Magic Dart        ||     1
  Dodge: Dodged            ||     1
